TOP OF THE 1ST |
Bend Bandits batting - Pitching for Coos Bay-North Bend Blue Soxs : RHP Allen Wesolowski
|
Pitching: RHP Allen Wesolowski
|
|
Batting: LHB Jerome Coleman
|
0-0: Ball 1-0: Called Strike 1-1: Ball 2-1: Foul Ball, location: 2F 2-2: Ball 3-2: SINGLE (Line Drive, 78M, EV 102.5 MPH)
|
Batting: RHB Jeff Doerr
|
0-0: Called Strike 0-1: Foul Ball, location: 2F 0-2: Ball 1-2: Ball 2-2: 2-RUN HOME RUN (Flyball, 7D, EV 94.4 MPH), Distance : 393 ft
|
Batting: RHB Kevin Romine
|
0-0: Called Strike 0-1: Ball 1-1: Ground out 5-3 (Groundball, 5, EV 86.3 MPH)
|
Batting: LHB Barry Houston
|
0-0: Called Strike 0-1: Ball 1-1: Ball 2-1: Called Strike 2-2: Foul Ball, location: 2F 2-2: Strikes out swinging
|
Batting: RHB Trajano Estrela
|
0-0: Fly out, F8 (Flyball, 8RD, EV 88.1 MPH)
|
Top of the 1st over - 2 runs, 2 hits, 0 errors, 0 left on base; Bend 2 - Coos Bay-North Bend 0 |
BOTTOM OF THE 1ST |
Coos Bay-North Bend Blue Soxs batting - Pitching for Bend Bandits : RHP Ignacio Sola
|
Pitching: RHP Ignacio Sola
|
|
Batting: LHB Dwight Taylor
|
0-0: Ball 1-0: Ball 2-0: Fly out, F8 (Flyball, 8RD, EV 108.8 MPH)
|
Batting: LHB Curt Reed
|
0-0: Ball 1-0: Called Strike 1-1: Ground out 6-3 (Groundball, 6, EV 94.4 MPH)
|
Batting: LHB Benny Distefano
|
0-0: Ball 1-0: Called Strike 1-1: Ball 2-1: Called Strike 2-2: Ball 3-2: Foul Ball, location: 2F 3-2: Foul Ball, location: 2F 3-2: Fly out, F2 (Popup, 25F, EV 90.0 MPH)
|
Bottom of the 1st over - 0 runs, 0 hits, 0 errors, 0 left on base; Bend 2 - Coos Bay-North Bend 0 |
TOP OF THE 2ND |
Bend Bandits batting - Pitching for Coos Bay-North Bend Blue Soxs : RHP Allen Wesolowski
|
Batting: RHB Mark Frishman
|
0-0: Ball 1-0: Ball 2-0: Swinging Strike 2-1: Foul Ball, location: 2F 2-2: Ball 3-2: Strikes out swinging
|
Batting: RHB Ronald Harper
|
0-0: Ball 1-0: Foul Ball, location: 2F 1-1: Called Strike 1-2: Ball 2-2: Strikes out swinging
|
Batting: RHB Jeffrey Ulrich
|
0-0: Ball 1-0: Foul Ball, location: 2F 1-1: Ball 2-1: Foul Ball, location: 2F 2-2: Strikes out looking
|
Top of the 2nd over - 0 runs, 0 hits, 0 errors, 0 left on base; Bend 2 - Coos Bay-North Bend 0 |
BOTTOM OF THE 2ND |
Coos Bay-North Bend Blue Soxs batting - Pitching for Bend Bandits : RHP Ignacio Sola
|
Batting: RHB Bob Gergen
|
0-0: Called Strike 0-1: Foul Ball, location: 2F 0-2: Foul Ball, location: 2F 0-2: Ball 1-2: Foul Ball, location: 2F 1-2: Fly out, F8 (Flyball, 8RXD, EV 77.5 MPH)
|
Batting: RHB Danny Quintana
|
0-0: Called Strike 0-1: Called Strike 0-2: Ball 1-2: Fly out, F7 (Flyball, 78D, EV 82.5 MPH)
|
Batting: LHB Ronald Cardieri
|
0-0: Ball 1-0: Ball 2-0: Fly out, F7 (Flyball, 7, EV 81.9 MPH)
|
Bottom of the 2nd over - 0 runs, 0 hits, 0 errors, 0 left on base; Bend 2 - Coos Bay-North Bend 0 |
TOP OF THE 3RD |
Bend Bandits batting - Pitching for Coos Bay-North Bend Blue Soxs : RHP Allen Wesolowski
|
Batting: RHB Jeffrey Thompson
|
0-0: Fly out, F4 (Popup, 4S, EV 80.0 MPH)
|
Batting: LHB Jerome Coleman
|
0-0: Ball 1-0: Ball 2-0: Called Strike 2-1: Foul Ball, location: 2F 2-2: Ball 3-2: Base on Balls
|
Batting: RHB Jeff Doerr
|
0-0: Ball 1-0: Swinging Strike 1-1: Called Strike 1-2: Ball 2-2: Ball 3-2: Foul Ball, location: 2F 3-2: Foul Ball, location: 2F 3-2: Strikes out swinging Jerome Coleman is caught stealing 2nd base 2-4 Batter strikes out.
|
Top of the 3rd over - 0 runs, 0 hits, 0 errors, 0 left on base; Bend 2 - Coos Bay-North Bend 0 |
BOTTOM OF THE 3RD |
Coos Bay-North Bend Blue Soxs batting - Pitching for Bend Bandits : RHP Ignacio Sola
|
Batting: RHB Mark Miller
|
0-0: Ball 1-0: Ball 2-0: Foul Ball, location: 2F 2-1: Ground out 5-3 (Groundball, 56, EV 77.5 MPH)
|
Batting: RHB Carlos Salinas
|
0-0: Swinging Strike 0-1: Fly out, F9 (Flyball, 9, EV 80.6 MPH)
|
Batting: RHB Henry Noble
|
0-0: Ball 1-0: Foul Ball, location: 2F 1-1: Ball 2-1: Ball 3-1: Base on Balls
|
Batting: LHB Dwight Taylor
|
0-0: Called Strike 0-1: SINGLE (Groundball, 4D, EV 100.0 MPH) Henry Noble to second Runner from 2nd tries for 3rd, SAFE, throw by RF made to third
|
Batting: LHB Curt Reed
|
0-0: Ball 1-0: Foul Ball, location: 2F 1-1: Ball 2-1: Foul Ball, location: 2F 2-2: Ball 3-2: Fly out, F8 (Line Drive, 8LM, EV 106.3 MPH)
|
Bottom of the 3rd over - 0 runs, 1 hit, 0 errors, 2 left on base; Bend 2 - Coos Bay-North Bend 0 |
TOP OF THE 4TH |
Bend Bandits batting - Pitching for Coos Bay-North Bend Blue Soxs : RHP Allen Wesolowski
|
Batting: RHB Kevin Romine
|
0-0: Ball 1-0: Ball 2-0: Called Strike 2-1: Fly out, F9 (Flyball, 9D, EV 95.0 MPH)
|
Batting: LHB Barry Houston
|
0-0: Ball 1-0: Foul Ball, location: 2F 1-1: Swinging Strike 1-2: Ball 2-2: Ball 3-2: Foul Ball, location: 2F 3-2: Base on Balls
|
Batting: RHB Trajano Estrela
|
0-0: Foul Ball, location: 2F 0-1: Ball 1-1: Grounds into double play, 5-4-3 (Groundball, 56, EV 99.4 MPH)
|
Top of the 4th over - 0 runs, 0 hits, 0 errors, 0 left on base; Bend 2 - Coos Bay-North Bend 0 |
BOTTOM OF THE 4TH |
Coos Bay-North Bend Blue Soxs batting - Pitching for Bend Bandits : RHP Ignacio Sola
|
Batting: LHB Benny Distefano
|
0-0: Called Strike 0-1: Ball 1-1: SINGLE (Line Drive, 8RS, EV 95.6 MPH)
|
Batting: RHB Bob Gergen
|
0-0: Called Strike 0-1: Foul Ball, location: 2F 0-2: Foul Ball, location: 2F 0-2: Ball 1-2: Ball 2-2: Fly out, F8 (Line Drive, 8RD, EV 100.0 MPH)
|
Batting: RHB Danny Quintana
|
0-0: Called Strike 0-1: Ball Benny Distefano steals 2nd base 1-1: Called Strike 1-2: Ball 2-2: SINGLE (Flyball, 34D, EV 98.1 MPH) Benny Distefano to third Runner from 3rd tries for Home, SAFE, throw by RF to home
|
Batting: LHB Ronald Cardieri
|
0-0: Ball 1-0: Foul Ball, location: 2F 1-1: Swinging Strike Danny Quintana is caught stealing 2nd base 2-6 1-2: Ball 2-2: Foul Ball, location: 2F 2-2: Ball 3-2: Base on Balls
|
Batting: RHB Mark Miller
|
0-0: Ball Ronald Cardieri steals 2nd base 1-0: Ground out 6-3 (Groundball, 6, EV 85.0 MPH)
|
Bottom of the 4th over - 1 run, 2 hits, 0 errors, 1 left on base; Bend 2 - Coos Bay-North Bend 1 |
TOP OF THE 5TH |
Bend Bandits batting - Pitching for Coos Bay-North Bend Blue Soxs : RHP Allen Wesolowski
|
Batting: RHB Mark Frishman
|
0-0: SINGLE (Line Drive, 8LS, EV 94.4 MPH)
|
Batting: RHB Ronald Harper
|
0-0: Swinging Strike 0-1: Fly out, F7 (Line Drive, 7D, EV 94.4 MPH)
|
Batting: RHB Jeffrey Ulrich
|
0-0: Foul Ball, location: 2F 0-1: Ball 1-1: Ball 2-1: Called Strike 2-2: Ball 3-2: Base on Balls Mark Frishman to second
|
Batting: RHB Jeffrey Thompson
|
0-0: Grounds into double play, 6-4-3 (Groundball, 6, EV 93.8 MPH)
|
Top of the 5th over - 0 runs, 1 hit, 0 errors, 1 left on base; Bend 2 - Coos Bay-North Bend 1 |
BOTTOM OF THE 5TH |
Coos Bay-North Bend Blue Soxs batting - Pitching for Bend Bandits : RHP Ignacio Sola
|
Batting: RHB Carlos Salinas
|
0-0: SINGLE (Flyball, 8LS, EV 98.1 MPH)
|
Batting: RHB Henry Noble
|
0-0: Ball 1-0: Bunt missed! 1-1: Ball 2-1: Sac Bunt to 2L - play at first, batter OUT! 2-4 Carlos Salinas to second
|
Batting: LHB Dwight Taylor
|
0-0: SINGLE (Flyball, 5D, EV 86.3 MPH) Carlos Salinas to third
|
Batting: LHB Curt Reed
|
0-0: Foul Ball, location: 2F 0-1: Ball 1-1: TRIPLE (Line Drive, 78XD, EV 111.9 MPH) Carlos Salinas scores Dwight Taylor scores
|
Batting: LHB Benny Distefano
|
0-0: Foul Ball, location: 2F 0-1: Ball 1-1: Ball 2-1: Ball 3-1: Foul Ball, location: 2F 3-2: Foul Ball, location: 2F 3-2: Foul Ball, location: 2F 3-2: Base on Balls
|
Batting: RHB Bob Gergen
|
Pickoff Throw to First - Out! 1-3 0-0: Ball 1-0: Ball 2-0: Swinging Strike 2-1: Foul Ball, location: 2F 2-2: Ball 3-2: Ground out 4-3 (Groundball, 34, EV 105.0 MPH)
|
Bottom of the 5th over - 2 runs, 3 hits, 0 errors, 1 left on base; Bend 2 - Coos Bay-North Bend 3 |
TOP OF THE 6TH |
Bend Bandits batting - Pitching for Coos Bay-North Bend Blue Soxs : RHP Allen Wesolowski
|
Batting: LHB Jerome Coleman
|
0-0: Ball 1-0: Called Strike 1-1: Ball 2-1: Ball 3-1: Base on Balls
|
Batting: RHB Jeff Doerr
|
0-0: Ball 1-0: Ball 2-0: Ball 3-0: Called Strike 3-1: Called Strike 3-2: SINGLE (Groundball, 56D, EV 105.6 MPH) Jerome Coleman to second Jerome Coleman to third
|
Batting: RHB Kevin Romine
|
0-0: Ball 1-0: Ball 2-0: Foul Ball, location: 2F 2-1: Called Strike 2-2: Ball Wild Pitch! Jerome Coleman scores Jeff Doerr to second 3-2: Fly out, F7 (Flyball, 7LM, EV 87.5 MPH)
|
Batting: LHB Barry Houston
|
0-0: Foul Ball, location: 2F 0-1: Ball 1-1: Ball 2-1: Called Strike 2-2: SINGLE (Groundball, 56D, EV 104.4 MPH) Jeff Doerr to third Runner from 3rd tries for Home, SAFE, throw by LF to home
|
Batting: RHB Trajano Estrela
|
0-0: Ball 1-0: Fly out, F8 (Flyball, 8RXD, EV 95.6 MPH)
|
Batting: RHB Mark Frishman
|
0-0: Swinging Strike 0-1: Called Strike 0-2: Ball 1-2: Ball Barry Houston steals 2nd base 2-2: Ball 3-2: Foul Ball, location: 2F 3-2: Fly out, F8 (Flyball, 8RS, EV 76.3 MPH)
|
Top of the 6th over - 2 runs, 2 hits, 0 errors, 1 left on base; Bend 4 - Coos Bay-North Bend 3 |
BOTTOM OF THE 6TH |
Coos Bay-North Bend Blue Soxs batting - Pitching for Bend Bandits : RHP Ignacio Sola
|
Batting: RHB Danny Quintana
|
0-0: Called Strike 0-1: Ball 1-1: Fly out, F9 (Flyball, 89M, EV 83.1 MPH)
|
Batting: LHB Ronald Cardieri
|
0-0: Ball 1-0: Called Strike 1-1: Ball 2-1: Ball 3-1: Ground out 6-3 (Groundball, 6, EV 107.5 MPH)
|
Batting: RHB Mark Miller
|
0-0: Ball 1-0: Fly out, F4 (Popup, 3S, EV 76.3 MPH)
|
Bottom of the 6th over - 0 runs, 0 hits, 0 errors, 0 left on base; Bend 4 - Coos Bay-North Bend 3 |
TOP OF THE 7TH |
Bend Bandits batting - Pitching for Coos Bay-North Bend Blue Soxs : RHP Allen Wesolowski
|
Batting: RHB Ronald Harper
|
0-0: Ball 1-0: Ball 2-0: Called Strike 2-1: Foul Ball, location: 2F 2-2: Ball 3-2: Fly out, F3 (Line Drive, 3, EV 69.4 MPH)
|
Batting: RHB Jeffrey Ulrich
|
0-0: Ball 1-0: Swinging Strike 1-1: Ball 2-1: Fly out, F4 (Line Drive, 4, EV 74.4 MPH)
|
Batting: RHB Jeffrey Thompson
|
0-0: Foul Ball, location: 2F 0-1: Foul Ball, location: 2F 0-2: Strikes out swinging
|
Top of the 7th over - 0 runs, 0 hits, 0 errors, 0 left on base; Bend 4 - Coos Bay-North Bend 3 |
BOTTOM OF THE 7TH |
Coos Bay-North Bend Blue Soxs batting - Pitching for Bend Bandits : RHP Ignacio Sola
|
Batting: RHB Carlos Salinas
|
0-0: Ball 1-0: Ball 2-0: Swinging Strike 2-1: Ball 3-1: SINGLE (Line Drive, 8LS, EV 111.9 MPH)
|
Batting: RHB Henry Noble
|
0-0: Sac Bunt to 23 - play at first, batter OUT! 3-4 Carlos Salinas to second
|
Batting: LHB Dwight Taylor
|
0-0: Called Strike 0-1: Foul Ball, location: 2F 0-2: Ball 1-2: Strikes out swinging
|
Batting: LHB Curt Reed
|
0-0: Called Strike 0-1: Ball 1-1: Foul Ball, location: 2F 1-2: SINGLE (Line Drive, 7S, EV 93.1 MPH) Carlos Salinas to third Runner from 3rd tries for Home, SAFE, throw by LF to home
|
Batting: LHB Benny Distefano
|
0-0: Fly out, F8 (Flyball, 89D, EV 95.0 MPH)
|
Bottom of the 7th over - 1 run, 2 hits, 0 errors, 1 left on base; Bend 4 - Coos Bay-North Bend 4 |
TOP OF THE 8TH |
Bend Bandits batting - Pitching for Coos Bay-North Bend Blue Soxs : RHP Allen Wesolowski
|
Batting: LHB Jerome Coleman
|
0-0: Ball 1-0: Fly out, F8 (Flyball, 89D, EV 85.6 MPH)
|
Batting: RHB Jeff Doerr
|
0-0: Called Strike 0-1: Fly out, F2 (Popup, 2RF, EV 89.4 MPH)
|
Batting: RHB Kevin Romine
|
0-0: Ball 1-0: Ball 2-0: Ball 3-0: Called Strike 3-1: Base on Balls
|
Batting: LHB Barry Houston
|
0-0: Called Strike 0-1: Ball 1-1: Ground out U3 (Groundball, 34, EV 85.6 MPH)
|
Top of the 8th over - 0 runs, 0 hits, 0 errors, 1 left on base; Bend 4 - Coos Bay-North Bend 4 |
BOTTOM OF THE 8TH |
Coos Bay-North Bend Blue Soxs batting - Pitching for Bend Bandits : RHP Ignacio Sola
|
Batting: RHB Bob Gergen
|
0-0: Ball 1-0: Called Strike 1-1: Foul Ball, location: 2F 1-2: Ball 2-2: Foul Ball, location: 2F 2-2: Ground out 5-3 (Groundball, 56S, EV 86.9 MPH)
|
Pitching: RHP Dale Drew
|
|
Batting: RHB Danny Quintana
|
0-0: Called Strike 0-1: SINGLE (Line Drive, 8LS, EV 91.3 MPH)
|
Batting: LHB Ronald Cardieri
|
0-0: Ball 1-0: Called Strike 1-1: Called Strike 1-2: Ball 2-2: Ball 3-2: Base on Balls Danny Quintana to second
|
Batting: RHB Mark Miller
|
0-0: Ball 1-0: Foul Ball, location: 2F 1-1: Ball 2-1: Grounds into double play, 4-6-3 (Groundball, 4, EV 88.1 MPH)
|
Bottom of the 8th over - 0 runs, 1 hit, 0 errors, 1 left on base; Bend 4 - Coos Bay-North Bend 4 |
TOP OF THE 9TH |
Bend Bandits batting - Pitching for Coos Bay-North Bend Blue Soxs : RHP Allen Wesolowski
|
Pitching: RHP Domingo Almanzar
|
|
Pinch Hitting: LHB Jim Riggs
|
0-0: Ball 1-0: Called Strike 1-1: Swinging Strike 1-2: Strikes out looking
|
Batting: LHB Bill Kuchar
|
0-0: Ball 1-0: Ball 2-0: Foul Ball, location: 2F 2-1: Ball 3-1: Foul Ball, location: 2F 3-2: Fly out, F8 (Flyball, 8LD, EV 85.0 MPH)
|
Pinch Hitting: RHB Joe Stalp
|
0-0: Ball 1-0: Fly out, F9 (Flyball, 89M, EV 81.9 MPH)
|
Top of the 9th over - 0 runs, 0 hits, 0 errors, 0 left on base; Bend 4 - Coos Bay-North Bend 4 |
BOTTOM OF THE 9TH |
Coos Bay-North Bend Blue Soxs batting - Pitching for Bend Bandits : RHP Dale Drew
|
Pitching: LHP James Canavan
|
|
Now at 2B: Phil Smith
|
|
Now in CF: William Lockwood
|
|
Batting: RHB Carlos Salinas
|
0-0: Ground out 4-3 (Groundball, 4, EV 83.8 MPH)
|
Pinch Hitting: RHB Brian Stemberger
|
0-0: Ball 1-0: Ball 2-0: Ball 3-0: Base on Balls
|
Batting: LHB Dwight Taylor
|
0-0: Ball 1-0: Fielders Choice at 2nd, 1-6 (Groundball, 13S, EV 72.5 MPH)
|
Batting: LHB Curt Reed
|
0-0: Ball Dwight Taylor steals 2nd base 1-0: Ball 2-0: Ball 3-0: Base on Balls
|
Batting: LHB Benny Distefano
|
0-0: Called Strike 0-1: Ball 1-1: Ball 2-1: Foul Ball, location: 2F 2-2: Fly out, F8 (Line Drive, 8RM, EV 89.4 MPH)
|
Bottom of the 9th over - 0 runs, 0 hits, 0 errors, 2 left on base; Bend 4 - Coos Bay-North Bend 4 |
TOP OF THE 10TH |
Bend Bandits batting - Pitching for Coos Bay-North Bend Blue Soxs : RHP Domingo Almanzar
|
Now at SS: Craig Gerber
|
|
Batting: RHB Jeffrey Ulrich
|
0-0: Ball 1-0: Swinging Strike 1-1: Ball 2-1: Ball 3-1: Base on Balls
|
Batting: RHB Jeffrey Thompson
|
0-0: Ball 1-0: Grounds into double play, 5-4-3 (Groundball, 56D, EV 107.5 MPH)
|
Batting: LHB Jerome Coleman
|
0-0: Called Strike 0-1: Ball 1-1: Ball 2-1: SINGLE (Groundball, 4MD, EV 100.6 MPH)
|
Batting: RHB Jeff Doerr
|
0-0: Ball 1-0: Ball 2-0: Ball 3-0: Called Strike 3-1: SINGLE (Line Drive, 6M, EV 96.9 MPH) Jerome Coleman to second
|
Batting: RHB Kevin Romine
|
0-0: TRIPLE (Flyball, 78XD, EV 104.4 MPH) Jerome Coleman scores Jeff Doerr scores
|
Batting: LHB Barry Houston
|
0-0: Called Strike 0-1: Ball 1-1: Called Strike 1-2: Ball 2-2: Ball 3-2: Ground out 5-3 (Groundball, 56, EV 97.5 MPH)
|
Top of the 10th over - 2 runs, 3 hits, 0 errors, 1 left on base; Bend 6 - Coos Bay-North Bend 4 |
BOTTOM OF THE 10TH |
Coos Bay-North Bend Blue Soxs batting - Pitching for Bend Bandits : LHP James Canavan
|
Batting: RHB Bob Gergen
|
0-0: Ball 1-0: Ball 2-0: Called Strike 2-1: Swinging Strike 2-2: Foul Ball, location: 2F 2-2: Strikes out looking
|
Batting: RHB Danny Quintana
|
0-0: Foul Ball, location: 2F 0-1: Swinging Strike 0-2: Strikes out swinging
|
Batting: LHB Ronald Cardieri
|
0-0: Called Strike 0-1: Foul Ball, location: 2F 0-2: Foul Ball, location: 2F 0-2: Ball 1-2: Strikes out swinging
|
Bottom of the 10th over - 0 runs, 0 hits, 0 errors, 0 left on base; Bend 6 - Coos Bay-North Bend 4 |
|